 Dungeon Crawl Stone Soup version 0.26-a0-1040-gbe3abf3417 (webtiles) character file.

Game seed: 9184266221608648497

6 Dracia the Chiller (level 1, 0/13 HPs)
             Began as a Merfolk Ice Elementalist on Dec 11, 2020.
             Slain by a gnoll
             ... wielding a +0 spear
              (5 damage)
             ... on level 1 of the Dungeon.
             The game lasted 00:00:23 (164 turns).

Dracia the Chiller (Merfolk Ice Elementalist)        Turns: 164, Time: 00:00:24

Health: 0/13       AC:  2    Str:  8    XL:     1   Next: 90%
Magic:  1/3        EV: 13    Int: 14    God:
Gold:   7          SH:  0    Dex: 14    Spells: 3/4 levels left

rFire    . . .     SeeInvis .   (no weapon)
rCold    . . .     Faith    .   (no shield)
rNeg     . . .     Spirit   .   a - +0 robe
rPois    .         Reflect  .   (no helmet)
rElec    .         Harm     .   (no cloak)
rCorr    .         Rampage  .   (no gloves)
Will     .....                  (no boots)
Stlth    ++........             (no amulet)
HPRegen  0.04/turn              (no ring)
MPRegen  0.08/turn              (no ring)

@: no status effects
A: change form in water, swift swim, stealthy swim
a: no special abilities


You were on level 1 of the Dungeon.
You visited 1 branch of the dungeon, and saw 1 of its levels.

You collected 7 gold pieces.


   Skills:
 - Level 2.6 Dodging
 - Level 2.1 Stealth
 - Level 2.0 Spellcasting
 + Level 4.8 Ice Magic


You had 3 spell levels left.
You knew the following spells:

 Your Spells              Type           Power        Failure   Level
z - Freeze                Ice            ##..         3%          1

Your spell library contained the following spells:

 Spells                   Type           Power        Failure   Level
 Frozen Ramparts          Ice            ##....       10%         3
 Ozocubu's Armour         Ice            ##......     10%         3
 Hailstorm                Conj/Ice       #.......     65%         4
 Summon Ice Beast         Ice/Summ       #.......     65%         4

Inventory:

Armour
 a - a +0 robe (worn)
Scrolls
 b - a scroll of blinking {unknown}

Dungeon Overview and Level Annotations

Branches:
Dungeon (1/15)

Altars:

#..# .... #.
##..###### #.#
#.$...... #.# #...#..#
#.# ###..... #.#
#.b..g# #.#
#.##@##.#.. #
.##.###.###†.(.Kg.....
#
...............##.....
# ##.###.######## ##..
# # #.# ##.# #.# ..
#.# #####.# #.#
......# #.#


You could see a gnoll, a goblin, a bat and a kobold.


Message History

Press: ? - help, Shift-Dir - straight line, f/p - gnoll
Aim: a gnoll, wielding a +0 spear (heavily wounded)
You freeze the gnoll.
The gnoll is severely wounded.
The bat barely misses you. The kobold closely misses you.
The gnoll barely misses you.
You completely miss the gnoll.
The gnoll is severely wounded.
The bat hits you. x2
* * * LOW HITPOINT WARNING * * *
The kobold barely misses you. The gnoll hits you but does no damage.
You closely miss the gnoll.
The gnoll is severely wounded.
The bat hits you but does no damage. The bat barely misses you.
The kobold misses you. The gnoll completely misses you.
You hit the gnoll but do no damage.
The gnoll is severely wounded.
The bat hits you.
* * * LOW HITPOINT WARNING * * *
The kobold hits you but does no damage. The gnoll closely misses you.
Unknown command.
You hit the gnoll.
The gnoll is severely wounded.
The bat hits you but does no damage. x2; The kobold completely misses you.
The gnoll hits you but does no damage.
You hit the gnoll.
The gnoll is severely wounded.
The bat closely misses you. The kobold closely misses you.
The gnoll hits you with a +0 spear.
You die...

Action                   || total
-------------------------++-------
Melee: Unarmed           ||     7
 Cast: Freeze            ||    10
Armor: Robe              ||     3
Dodge: Dodged            ||    19

Levels and vault maps discovered:
D:1:      ncdulo_wetmaze, layout_basic

Notes
Turn   | Place    | Note
-------+----------+-------------------------------------------
     0 | D:1      | Dracia the Merfolk Ice Elementalist began the quest for the
                  | Orb.
     0 | D:1      | Reached XP level 1. HP: 13/13 MP: 3/3
   164 | D:1      | Slain by a gnoll

Vanquished Creatures
  A hobgoblin (D:1)
  2 bats (D:1)
  A frilled lizard (D:1)
  2 kobolds (D:1)
  A rat (D:1)
7 creatures vanquished.

Table legend: (Time is in decaauts)
 A = Elapsed time spent in this place.
 B = Non-inter-level travel time spent in this place.
 C = Inter-level travel time spent in this place.
 D = Time resting spent in this place.
 E = Time spent auto-exploring this place.
 F = Levels seen in this place.
 G = Mean time per level.
                   A        B        C        D        E       F      G
               +--------+--------+--------+--------+--------+-----+--------+
         Total |    161 |    161 |      0 |      0 |    124 |   1 |  161.0 |
       Dungeon |    161 |    161 |      0 |      0 |    124 |   1 |  161.0 |
               +--------+--------+--------+--------+--------+-----+--------+

Top non-repeatable levels by time:
     D:1: 161 daAuts

Table legend:
 A = Non-vault XP
 B = Vault XP
 C = Vault XP percentage of total XP
 D = Non-vault monster count
 E = Vault monster count
 F = Vault count percentage of total count
                 A         B        C        D         E       F
            +---------+---------+-------+---------+---------+-------
      Total |       9 |       0 |   0.0 |       7 |       0 |   0.0
            +---------+---------+-------+---------+---------+-------
        D:1 |       9 |       0 |   0.0 |       7 |       0 |   0.0
            +---------+---------+-------+---------+---------+-------
